 Dungeon Crawl Stone Soup version 0.19.0-24-gb05acd6 (webtiles) character file.

48 HarryHood the Cudgeler (level 3, -5/31 HPs)
             Began as a Minotaur Berserker on Nov 20, 2016.
             Was a Believer of Trog.
             Slain by pichaelthompson's ghost (11 damage)
             ... on level 3 of the Dungeon.
             The game lasted 00:07:16 (1379 turns).

HarryHood the Cudgeler (Minotaur Berserker)         Turns: 1379, Time: 00:07:16

Health: -5/31      AC:  2    Str: 21    XL:     3   Next: 50%
Magic:  2/2        EV: 12    Int:  4    God:    Trog [**....]
Gold:   135        SH:  5    Dex: 10    Spells: 0 memorised, 2 levels left

rFire  . . .     SeeInvis .     a - +0 mace
rCold  . . .     Gourm    .     b - +0 animal skin
rNeg   . . .     Faith    .     (no shield)
rPois  .         Spirit   .     (helmet restricted)
rElec  .         Reflect  +     (no cloak)
rCorr  .         Harm     .     (no gloves)
MR     .....                    (no boots)
Stlth  +.........               d - +5 amulet of reflection
                                (no ring)
                                (no ring)

@: no status effects
A: retaliatory headbutt, horns 2
a: Berserk, Trog's Hand, Burn Spellbooks, Renounce Religion


You were on level 3 of the Dungeon.
You worshipped Trog.
Trog was pleased with you.
You were hungry.

You visited 1 branch of the dungeon, and saw 3 of its levels.

You collected 135 gold pieces.

Inventory:

Hand Weapons
 a - a +0 mace (weapon)
Armour
 b - a +0 animal skin (worn)
Jewellery
 d - a +5 amulet of reflection (around neck)
Scrolls
 f - a scroll of noise {unknown}
 g - a scroll of teleportation
Potions
 e - 2 potions of resistance
 i - a potion of cure mutation {unknown}
 m - a potion of lignification {unknown}
Comestibles
 c - 2 bread rations
 h - 2 meat rations


   Skills:
 - Level 3.6 Fighting
 * Level 5.5 Maces & Flails
 - Level 2.4 Armour
 - Level 2.1 Dodging


You had 2 spell levels left.
You didn't know any spells.

Dungeon Overview and Level Annotations

Branches:
Dungeon (3/15)

Altars:

Annotations:
D:3 pichaelthompson's ghost, amateur DsGl


Innate Abilities, Weirdness & Mutations

You reflexively headbutt those who attack you in melee.
You have a pair of horns on your head.


Message History

Pichaelthompson's ghost (amateur Demonspawn Gladiator) comes into view.
Pichaelthompson's ghost turns its malevolent gaze towards you.
Drop what? 10/52 slots (_ for help) (? for menu, Esc to quit)
Okay, then.
A ball python comes into view.
A kobold comes into view. It is wielding a dagger.
The kobold shouts!
Pichaelthompson's ghost hits you!
The ball python hisses angrily.
You hit pichaelthompson's ghost. You headbutt pichaelthompson's ghost.
Pichaelthompson's ghost is moderately damaged.
You are feeling hungry.
Pichaelthompson's ghost hits you.
You miss pichaelthompson's ghost.
Your headbutt misses pichaelthompson's ghost.
Pichaelthompson's ghost is moderately damaged.
Pichaelthompson's ghost hits you!
* * * LOW HITPOINT WARNING * * *
Pichaelthompson's ghost hits you!
You die...

##.....#.....##
#.............##
...............#
..$............# #
...............# #.
...............###.#######
.......S.......#........>.
.......K......##.##.......
#.....$#W@...###.##.......
#....######......##.......
.##.. .. ##.....#####.###
... #..##.....####..##.
... .#........##...###.
... #..........#..### #.
....###..)....######.
.....................
...#......<..###.....


You could see pichaelthompson's ghost, a ball python and a kobold.

Vanquished Creatures
  An ooze (D:1)
  A worm (D:2)
  2 dart slugs (D:1)
  A leopard gecko (D:1)
  4 bats (D:2)
  3 giant cockroaches (D:1)
  2 goblins (D:1)
  2 hobgoblins
  3 jackals
  A quokka (D:2)
  A ball python (D:1)
  3 frilled lizards
  5 kobolds
  7 rats
36 creatures vanquished.

Notes
Turn   | Place    | Note
-------+----------+-------------------------------------------
     0 | D:1      | HarryHood the Minotaur Berserker began the quest for the Orb.
     0 | D:1      | Reached XP level 1. HP: 19/19 MP: 0/0
    46 | D:1      | Reached skill level 4 in Maces & Flails
    65 | D:1      | Reached XP level 2. HP: 26/26 MP: 1/1
   329 | D:1      | Reached skill level 5 in Maces & Flails
   464 | D:1      | Reached ** piety under Trog
   464 | D:1      | Reached XP level 3. HP: 31/31 MP: 2/2
  1372 | D:3      | Noticed pichaelthompson's ghost (amateur DsGl)
  1379 | D:3      | Slain by pichaelthompson's ghost

Skill      XL: |  1  2 |
---------------+-------+-----
Maces & Flails | 4 5 |  5.5
Fighting       | |  3.6
Armour         | |  2.4
Dodging        | |  2.1

Action                   || total
-------------------------++-------
Melee: Mace              ||    79
       Headbutt          ||    12
  Use: Scroll            ||     6
 Stab: Sleeping          ||     1
  Eat: Chunk             ||     1
Armor: Animal skin       ||    14
Dodge: Dodged            ||    47
Block: Other             ||    12
